AoeStats
← BichoPalo7978

Northern Isles

510337540Analyzed
1v1 RM · 1d ago on Sep 30, 2026· 49m 53s· 2 players
Game mode
Random Map
Map size
Tiny (2 player)
Population
200
Speed
Normal
Resources
Standard
Victory
Conquest
Starting age
Dark Age
Ending age
Imperial Age
RankedLock teamsTeams togetherTeam positionsShared explorationLock speedFull tech treeHidden civsTurbo modeCheats
Victory
Defeat
🇹🇷 Maya · Türkiye
108
+12
🇪🇸 Saracens · Spain
27
-12
BichoPalo7978
0:31 Loom
16:06 Feudal Age
17:40 Fishing Lines
24:00 Arson
26:58 Castle Age
25:36 Wheelbarrow
24:47 Town Watch
28:22 Thumb Ring
28:21 Padded Archer Armor
28:23 Scale Mail Armor
28:34 Forging
28:30 Scale Barding Armor
28:16 Fletching
31:33 Fervor
35:29 Gillnets
37:14 Gold Mining
37:15 Stone Mining
37:09 Horse Collar
37:18 Double-Bit Axe
38:28 Heavy Plow
38:42 Bow Saw
40:09 Hand Cart
39:56 Town Patrol
40:27 Ballistics
42:52 Imperial Age
44:13 Squires
43:58 Gambesons
44:42 Murder Holes
44:38 Guard Tower
44:59 Fortified Wall
45:59 Gold Shaft Mining
46:36 Hoardings
47:47 Chemistry
urladidim
12:38 Feudal Age
14:26 Fishing Lines
17:25 Double-Bit Axe
18:31 Horse Collar
25:44 Castle Age
24:52 Gold Mining
25:01 Stone Mining
25:09 Arson
25:29 Scale Mail Armor
25:41 Forging
25:32 Padded Archer Armor
25:23 Fletching
28:37 Stone Shaft Mining
27:32 Elite Skirmisher
29:21 Bow Saw
34:19 Town Watch
37:09 Wheelbarrow
36:36 Town Patrol
36:22 Loom
36:58 Chain Mail Armor
38:02 Gillnets
38:29 Medium Warships
43:09 Imperial Age
45:17 Squires
44:38 Pikeman
44:45 Eagle Warrior
46:01 Leather Archer Armor
46:23 Iron Casting
45:44 Bodkin Arrow
Connection lost

Rejoining the realm…

Still unreachable

The connection could not be restored.

Session expired

The server has moved on; the page needs a fresh start.